 Seeded DCSS version 0.28-a0-60-g54b5640690 (webtiles) character file.

Game seed: 10059646100062695582 (custom seed)

272756 flotson the Blocker (level 19, -5/150 HPs)
             Began as a Demonspawn Delver on July 30, 2021.
             Was an Initiate of Gozag.
             Hit by a silver javelin thrown by a merfolk javelineer (12 damage)
             ... on level 4 of the Shoals.
             The game lasted 01:45:46 (44526 turns).

flotson the Blocker (Demonspawn Delver)            Turns: 44526, Time: 01:45:47

Health: -5/150     AC: 34    Str: 22    XL:     19   Next: 87%
Magic:  29/29      EV: 17    Int: 18    God:    Gozag
Gold:   1403       SH: 37    Dex: 19    Spells: 18/31 levels left

rFire   . . .      SeeInvis +   a - +5 broad axe (spect)
rCold   . . .      Faith    .   H - +18 shield of the Gong {rElec rN+ Will+ EV-5}
rNeg    + + +      Spirit   .   G - +4 pearl dragon scales
rPois   .          Reflect  +   E - +2 helmet {SInv}
rElec   +          Harm     .   e - +2 cloak {Will+}
rCorr   +          Rampage  .   r - +2 pair of gloves {Str+3}
Will    +++++                   (boots unavailable)
Stlth   +.........              x - amulet of reflection
HPRegen 0.35/turn               p - ring "Ifopre" {Dex+3 Slay+4}
MPRegen 0.21/turn               y - ring "Igodwon" {rN+ Will+ Int+6 Slay+5 Stlth-}

@: agile, studying 4 skills
A: talons 3, yellow scales 3, demonic guardian 3, powered by pain 2, demonic
willpower
}: 1/15 runes: serpentine
a: Renounce Religion, Potion Petition, Call Merchant, Bribe Branch


You were on level 4 of the Shoals.
You worshipped Gozag.
Gozag was most pleased with you.
You visited 7 branches of the dungeon, and saw 35 of its levels.
You visited 1 bazaar.
You also visited: Bailey.

You collected 16231 gold pieces.
You spent 8865 gold pieces at shops.
You paid 5963 gold pieces to Gozag.

Inventory:

Hand Weapons
 a - a +5 spectral broad axe (weapon)
 b - the +3 Elemental Staff {rElec rF++ rC++ Will++ AC+5}
   (You found it on level 9 of the Dungeon)

   If the wielder is skilled in Evocations, they can discharge powerful blasts
   of elemental energy when striking with it.
   It enhances your fire, ice, earth and air magic.
   AC:        It affects your AC (+5).
   rF:        It greatly protects you from fire.
   rC:        It greatly protects you from cold.
   rElec:     It insulates you from electricity.
   Will:      It greatly increases your willpower.
Missiles
 d - 6 silver javelins
 v - 8 atropa-tipped darts (quivered)
 Q - 8 datura-tipped darts
 S - 11 curare-tipped darts
 U - 17 boomerangs of dispersal
 X - 10 throwing nets
Armour
 e - a +2 cloak of willpower (worn)
 r - a +2 pair of gloves of strength (worn)
 E - a +2 helmet of see invisible (worn)
 G - +4 pearl dragon scales (worn)
 H - the +18 shield of the Gong (worn) {rElec rN+ Will+ EV-5}
   (You took it off an orc warrior in a bailey)

   It is deafeningly noisy when blocking attacks.
   EV:        It affects your evasion (-5).
   rElec:     It insulates you from electricity.
   rN:        It protects you from negative energy.
   Will:      It increases your willpower.
Jewellery
 p - the ring "Ifopre" (left hand) {Dex+3 Slay+4}
   (You bought it in a shop on level 2 of the Orcish Mines)

   [ring of slaying]

   Dex:       It affects your dexterity (+3).
   Slay:      It affects your accuracy & damage with ranged weapons and melee
   (+4).
 w - a ring of flight
 x - an amulet of reflection (around neck)
 y - the ring "Igodwon" (right hand) {rN+ Will+ Int+6 Slay+5 Stlth-}
   (You acquired it on level 7 of the Dungeon)

   [ring of intelligence]

   Int:       It affects your intelligence (+6).
   Slay:      It affects your accuracy & damage with ranged weapons and melee
   (+5).
   rN:        It protects you from negative energy.
   Will:      It increases your willpower.
   Stlth:     It makes you less stealthy.
 Z - the amulet "Bogakatan" {Spirit rPois rN++ Dex-2}
   (You acquired it on level 14 of the Dungeon)

   [amulet of guardian spirit]

   It causes incoming damage to be divided between your reserves of health and
   magic.
   Dex:       It affects your dexterity (-2).
   rPois:     It protects you from poison.
   rN:        It greatly protects you from negative energy.
Wands
 g - a wand of digging (8)
 u - a wand of charming (16)
 B - a wand of acid (37)
 I - a wand of paralysis (28)
 K - a wand of flame (71)
 M - a wand of iceblast (66)
 W - a wand of mindburst (23)
 Y - a wand of polymorph (14)
Scrolls
 c - 5 scrolls of fog
 f - 15 scrolls of teleportation
 m - 4 scrolls of vulnerability
 q - 2 scrolls of blinking
 F - 2 scrolls of summoning
 L - 2 scrolls of immolation
 O - 9 scrolls of magic mapping
 P - 2 scrolls of silence
 R - a scroll of torment
Potions
 i - 3 potions of heal wounds
 j - 5 potions of attraction
 l - 11 potions of curing
 n - a potion of ambrosia {unknown}
 o - 5 potions of invisibility
 s - 2 potions of cancellation
 t - a potion of resistance
 z - 3 potions of mutation
 A - 5 potions of haste
 C - 2 potions of berserk rage
 D - 2 potions of might
 N - 5 potions of lignification
Miscellaneous
 k - a lightning rod (4/4)
 J - a box of beasts
 V - a condenser vane (inert)


   Skills:
 + Level 13.4 Fighting
 + Level 13.3 Axes
 + Level 7.8 Staves
 - Level 6.2 Throwing
 + Level 12.0 Armour
 + Level 12.2 Dodging
 - Level 5.1 Stealth
 + Level 14.5 Shields
 + Level 6.7 Spellcasting
 + Level 7.4 Conjurations
 + Level 9.7 Fire Magic
 + Level 12.3 Evocations


You had 18 spell levels left.
You knew the following spells:

 Your Spells              Type           Power      Damage    Failure   Level
a - Sticky Flame          Conj/Fire      37%        2d6       9%          4
b - Conjure Flame         Conj/Fire      37%        6-21      2%          3
c - Foxfire               Conj/Fire      100%       2x1d9     1%          1
d - Fireball              Conj/Fire      18%        3d9       24%         5

Your spell library contained the following spells:

 Spells                   Type           Power      Damage    Failure   Level
 Static Discharge         Conj/Air       19%        N/A       10%         2
 Inner Flame              Hex/Fire       23%        N/A       12%         3
 Ignite Poison            Fire/Tmut/Pois 17%        N/A       22%         3
 Beastly Appendage        Tmut           12%        N/A       28%         1
 Blink                    Tloc           N/A        N/A       41%         2
 Corpse Rot               Necr/Air       N/A        N/A       41%         2
 Sublimation of Blood     Necr           3%         N/A       41%         2
 Wereblood                Tmut           6%         N/A       41%         2
 Call Canine Familiar     Summ           6%         N/A       65%         3
 Frozen Ramparts          Ice            12%        1d3       65%         3
 Gell's Gravitas          Tloc           3%         N/A       65%         3
 Lesser Beckoning         Tloc           3%         N/A       65%         3
 Portal Projectile        Hex/Tloc       12%        N/A       65%         3
 Spider Form              Tmut/Pois      3%         N/A       65%         3
 Summon Guardian Golem    Hex/Summ       6%         N/A       65%         3
 Teleport Other           Tloc           6%         N/A       65%         3
 Lightning Bolt           Conj/Air       9%         1d22      87%         5
 Dispel Undead            Necr           6%         3d8       96%         4
 Ice Form                 Ice/Tmut       6%         N/A       96%         4
 Leda's Liquefaction      Hex/Erth       3%         N/A       96%         4
 Passage of Golubria      Tloc           N/A        N/A       96%         4
 Petrify                  Tmut/Erth      6%         N/A       96%         4
 Summon Ice Beast         Ice/Summ       6%         N/A       96%         4
 Agony                    Necr           6%         N/A       100%        5
 Manifold Assault         Tloc           6%         N/A       100%        5
 Metabolic Englaciation   Hex/Ice        3%         N/A       100%        5
 Silence                  Hex/Air        3%         N/A       100%        5
 Summon Mana Viper        Hex/Summ       6%         N/A       100%        5
 Death Channel            Necr           3%         N/A       100%        6
 Statue Form              Tmut/Erth      4%         N/A       100%        6
 Monstrous Menagerie      Summ           3%         N/A       100%        7
 Orb of Destruction       Conj           16%        9d7       100%        7
 Spellforged Servitor     Conj/Summ      9%         N/A       100%        7
 Summon Hydra             Summ           3%         N/A       100%        7
 Lehudib's Crystal Spear  Conj/Erth      9%         10d4      100%        8
 Maxwell's Capacitive Co  Air            3%         ∞         100%        8
 Death's Door             Necr           3%         N/A       100%        9


Dungeon Overview and Level Annotations

Branches:
Dungeon (15/15)            Temple (1/1) D:4            Lair (6/6) D:9
 Shoals (4/4) Lair:2        Snake (4/4) Lair:2        Slime (0/5) Lair:6
    Orc (2/2) D:9             Elf (3/3) Orc:2        Vaults (0/5) D:13
 Depths (0/5) D:15         Bailey (visited)

Altars:
Ashenzari
Cheibriados
Dithmenos
Elyvilon
Fedhas
Gozag
Kikubaaqudgha
Makhleb
Nemelex Xobeh
Okawaru
Qazlal
Ru
Sif Muna
Trog
Uskayaw
Vehumet
Wu Jian
Xom
Yredelemnul
Zin
The Shining One
Beogh
Jiyva

Shops:
D:7 ?   D:11 (   Orc:1 *   Orc:2 ?*:*=[***[   Elf:3 :   Shoals:2 !   Snake:2 *
Snake:4 ?:==

Portals:
Trove: D:11 (give +4 ice dragon scales)


Innate Abilities, Weirdness & Mutations

You have claws for feet.
You are completely covered in yellow scales. (AC +4, rCorr)
A powerful demonic guardian rushes to your aid.
You sometimes gain power by taking damage.
You punish those that try to bend your will. (Will+)


Message History

Clouds of freezing vapour condense around you!
The condenser dries out!
You block the merfolk's attack.
PTOANNNG!
The snapping turtle is engulfed in freezing vapours.
The merfolk javelineer is engulfed in freezing vapours.
The merfolk javelineer throws a silver javelin.
The silver javelin barely misses you.
The merfolk aquamancer is engulfed in freezing vapours.
The satyr is engulfed in freezing vapours.
The merfolk impaler is engulfed in freezing vapours.
You block the merfolk impaler's attack.
GONNNNG!
The snapping turtle is engulfed in freezing vapours.
The snapping turtle seems to slow down.
The merfolk javelineer is engulfed in freezing vapours.
The merfolk javelineer throws a silver javelin.
The silver javelin completely misses you.
The merfolk impaler is engulfed in freezing vapours.
You block the merfolk impaler's attack.
GONNNNG!
A harpy comes into view.
The merfolk aquamancer is engulfed in freezing vapours.
The satyr is engulfed in freezing vapours.
You block the merfolk's attack.
GONNNNG!
You hear a shout!
You hit the merfolk but do no damage. Your kick misses the merfolk.
Your spectral +5 spectral broad axe hits the merfolk!!
The harpy misses your spectral +5 spectral broad axe. x2
The merfolk impaler is engulfed in freezing vapours.
You block the merfolk impaler's attack.
BONNNG!
The merfolk javelineer is engulfed in freezing vapours.
The merfolk javelineer throws a silver javelin.
The silver javelin pierces through you!!
* * * LOW HITPOINT WARNING * * *
You focus on the pain.
You feel more agile all of a sudden. The silver sears you!
You die...
Your body crumbles into a pile of gold.

..≈!≈≈≈≈≈≈≈≈≈≈...≈≈≈≈≈≈≈≈
≈≈≈≈≈≈≈≈≈≈≈≈....≈≈≈≈≈≈≈
≈≈≈≈≈≈≈≈≈≈≈≈≈≈.≈..≈≈≈≈≈≈
.≈≈≈≈≈m§≈≈≈≈≈≈≈≈..≈≈≈≈≈≈
.≈m≈≈≈≈m$≈≈≈≈≈.....≈≈≈≈≈
≈≈m≈≈≈≈m≈≈≈≈≈≈.....≈≈≈≈≈
≈≈m≈c...S2mH≈≈......≈≈≈≈
.≈≈≈≈.#m<#######mH...≈≈≈≈≈≈
.≈≈≈≈.mm## #@(...≈.≈≈≈≈≈
#####≈..# #$§..≈≈≈≈≈≈≈≈ #
##≈≈#..:mmmm§..≈≈≈≈≈≈≈≈ #
#≈≈#....§c§§...≈≈≈≈≈≈≈ ≈
#≈≈##..§##t...≈≈≈≈≈≈≈≈ #
#≈≈.##§##§§§..≈≈≈≈≈≈≈≈ ##
#≈≈..§§..§§§.≈≈≈≈≈≈≈≈≈
.#####≈.....
..§§§..(≈≈≈≈≈≈≈
(...≈≈.≈...$
.......≈≈≈≈≈≈≈≈


You could see a merfolk impaler, a merfolk javelineer, a satyr, a snapping
turtle (slow), a merfolk, a harpy and a friendly spectral +5 spectral broad axe
(summoned).

Vanquished Creatures
  Jorgrun (D:13)
  Rupert (D:13)
  A deep elf blademaster (Elf:3)
  3 krakens
  The ghost of Spaninq the Brawler, a journeyman TrCK of Xom (Elf:1)
  Kirke (D:12)
  Ilsuiw (Shoals:3)
  7 nagarajas
  7 deep elf sorcerers (Elf:3)
  A frost giant (shapeshifter) (Elf:1)
  Louise (Elf:2)
  2 orc warlords (Orc:1)
  Aizul (Snake:4)
  A deep elf elementalist (Elf:3)
  7 deep elf demonologists (Elf:3)
  A dire elephant (Lair:6)
  3 deep elf annihilators (Elf:3)
  An entropy weaver (shapeshifter) (Elf:1)
  A merfolk javelineer (Shoals:3)
  A fire dragon (Lair:6)
  3 merfolk impalers
  3 deep elf death magi
  2 deep elf high priests (Elf:3)
  9 naga warriors
  Fannar (D:12)
  Josephine (D:10)
  19 hydras
  3 boulder beetles
  A catoblepas (Lair:6)
  An ogre mage (D:15)
  6 centaur warriors
  13 death yaks
  A merfolk avatar (Shoals:2)
  10 anacondas
  A satyr (shapeshifter) (Elf:3)
  10 two-headed ogres
  A tengu warrior (D:15)
  3 alligators
  A death yak (shapeshifter) (Elf:1)
  10 naga sharpshooters
  2 merfolk aquamancers
  An orc high priest (Orc:2)
  10 shock serpents
  Sonja (Lair:6)
  15 deep elf knights
  An iron troll (shapeshifter) (D:15)
  2 salamander mystics
  2 fire crabs (Lair:4)
  17 sea snakes
  5 naga ritualists
  5 deep elf archers
  7 orc knights
  4 lindwurms
  19 harpies
  4 fauns
  18 deep elf pyromancers
  4 ugly things
  20 deep elf zephyrmancers
  4 orc sorcerers
  A faun (shapeshifter) (Elf:1)
  7 cyclopes
  12 mana vipers
  A manticore (shapeshifter) (Elf:1)
  11 manticores
  3 oklob plants
  3 moths of wrath (Elf:1)
  2 wolf spiders
  16 elephants
  13 salamanders
  41 black mambas
  An elephant (shapeshifter) (Elf:1)
  4 guardian serpents
  7 merfolk sirens
  14 naga magi
  5 water nymphs
  19 cane toads
  Maggie (D:6)
  An unseen horror (D:6)
  13 rime drakes
  Psyche (D:9)
  2 efreet
  4 tengu conjurers
  3 kobold demonologists
  A freezing wraith (D:14)
  9 komodo dragons
  A guardian mummy (D:11)
  A polar bear (Lair:4)
  5 trolls
  A tyrant leech (Lair:1)
  Prince Ribbit (D:6)
  25 merfolk
  5 wind drakes
  3 meliai (D:12)
  13 blink frogs
  4 large abominations
  A meliai zombie (D:11)
  10 dream sheep
  10 snapping turtles
  9 water elementals
  A vampire (D:11)
  An air elemental (Elf:2)
  7 wyverns
  12 humans (D:13)
  7 wraiths
  43 yaks
  Grum (D:11)
  2 basilisks
  6 fire elementals
  4 hogs (D:12)
  A golden eye (shapeshifter) (D:15)
  14 vampire mosquitoes
  Menkaure (D:7)
  9 steam dragons
  A steam dragon (shapeshifter) (Elf:1)
  6 swamp worms
  42 nagas
  13 water moccasins
  3 acid dragons
  A swamp drake (Snake:2)
  2 ice beasts
  31 orc warriors
  6 black bears
  3 necrophages
  A boggart (D:13)
  9 ogres
  11 wolves
  14 centaurs
  2 phantoms (D:5)
  4 kobold brigands
  2 elf zombies (Elf:1)
  14 bullfrogs
  3 scorpions (D:5)
  3 earth elementals
  A water moccasin zombie (D:5)
  A water moccasin skeleton (D:6)
  2 electric eels
  3 howler monkeys
  3 centaur zombies
  2 jellies
  A bullfrog zombie (D:6)
  22 orc priests
  A centaur skeleton (D:7)
  3 hounds
  Crazy Yiuf (D:7)
  6 hell rats (Lair:3)
  Ijyb (D:4)
  An iguana (shapeshifter) (Elf:1)
  3 iguanas
  28 orc wizards
  Robin (D:4)
  A howler monkey zombie (D:9)
  16 adders
  3 gnolls (D:6)
  A shadow imp (D:4)
  2 white imps
  An ufetubus (D:6)
  A worm (D:5)
  4 dart slugs
  45 orcs
  9 ball pythons
  5 endoplasms
  2 giant cockroaches
  21 goblins
  6 hobgoblins
  20 kobolds
  4 quokkas
  5 bats
  7 frilled lizards
  A quokka skeleton (D:4)
  A rat (D:2)
  11 tentacles
1093 creatures vanquished.

Vanquished Creatures (collateral kills)
  Vashnia (Snake:3)
  3 nagarajas
  A deep elf elementalist (Elf:3)
  A deep elf annihilator (Elf:3)
  A merfolk javelineer (Shoals:4)
  A centaur warrior (D:14)
  A dancing weapon (Elf:2)
  2 tengu warriors
  A shock serpent (Snake:2)
  A deep elf knight (Elf:2)
  A sea snake (Shoals:4)
  A death drake (shapeshifter) (D:13)
  A harpy (Shoals:4)
  2 deep elf zephyrmancers (Elf:2)
  An orc sorcerer (Orc:2)
  A manticore (Shoals:4)
  A guardian serpent (Snake:4)
  A naga mage (Snake:2)
  2 merfolk (Shoals:3)
  An air elemental (Elf:2)
  A yak (Lair:4)
  4 humans (D:13)
  2 steam dragons (Lair:6)
  A vampire mosquito (D:14)
  2 nagas (Snake:2)
  A centaur (D:14)
  An earth elemental (Elf:2)
37 creatures vanquished.

Vanquished Creatures (others)
  A merfolk javelineer (Shoals:3)
  21 dancing weapons
  3 deep elf knights
  A deep elf zephyrmancer (Elf:2)
  A deep elf pyromancer (Elf:3)
  3 manticores (Shoals:4)
  A tyrant leech (Snake:2)
  A water moccasin (Lair:6)
  2 bushes (D:9)
  4 foxfires (Snake:2)
  44 fungi
  98 plants
  11 tentacles
191 creatures vanquished.

Grand Total: 1321 creatures vanquished

Notes
Turn   | Place    | Note
-------+----------+-------------------------------------------
     0 | D:5      | flotson the Demonspawn Delver began the quest for the Orb.
     0 | D:5      | Reached XP level 1. HP: 18/18 MP: 1/1
    13 | D:5      | Noticed a scorpion
    52 | D:5      | Noticed a hound
    88 | D:5      | Noticed a scorpion
   407 | D:4      | Gained mutation: You have sharp toenails. [demonic
                  | ancestry]
   407 | D:4      | Reached XP level 2. HP: 7/24 MP: 2/2
   669 | D:4      | Noticed a necrophage
   679 | D:4      | Killed a necrophage
   680 | D:4      | Reached skill level 1 in Armour
   680 | D:4      | Reached skill level 1 in Evocations
   680 | D:4      | Gained mutation: You sometimes gain a little power by
                  | taking damage. [demonic ancestry]
   680 | D:4      | Reached XP level 3. HP: 26/29 MP: 3/3
   680 | D:4      | Reached XP level 4. HP: 32/36 MP: 4/4
   762 | D:4      | Noticed an ogre
  1564 | D:1      | Reached XP level 5. HP: 42/42 MP: 5/5
  1603 | D:1      | Found a faded altar of an unknown god.
  2627 | D:2      | Found a blossoming altar of Fedhas.
  3082 | D:3      | Reached skill level 1 in Throwing
  3143 | D:3      | Found a basalt altar of Yredelemnul.
  3434 | D:4      | Found a staircase to the Ecumenical Temple.
  3452 | D:4      | Noticed Robin
  3454 | Temple   | Entered the Ecumenical Temple
  3586 | Temple   | Became a worshipper of Gozag Ym Sagoz the Greedy
  3606 | D:4      | Gained mutation: You are partially covered in yellow
                  | scales. (AC +2) [demonic ancestry]
  3606 | D:4      | Reached XP level 6. HP: 37/48 MP: 6/6
  3719 | D:4      | Killed Robin
  3863 | D:4      | Noticed Ijyb
  3881 | D:4      | Paralysed by Ijyb for 2 turns
  3885 | D:4      | Killed Ijyb
  4688 | D:5      | Reached XP level 7. HP: 51/54 MP: 7/7
  4753 | D:5      | Identified the +10 hand axe "String" {elec, rF- Will-
                  | Int+9}
  5275 | D:5      | Reached skill level 1 in Shields
  5275 | D:5      | Gained mutation: You sometimes gain power by taking damage.
                  | [demonic ancestry]
  5275 | D:5      | Reached XP level 8. HP: 55/61 MP: 8/8
  5421 | D:5      | Reached skill level 5 in Fighting
  5806 | D:6      | Noticed Maggie
  5810 | D:6      | Reached skill level 2 in Shields
  5810 | D:6      | Killed an unseen horror
  6136 | D:6      | Noticed Prince Ribbit
  6164 | D:6      | Killed Prince Ribbit
  6165 | D:6      | Gained mutation: You are mostly covered in yellow scales.
                  | (AC +3) [demonic ancestry]
  6165 | D:6      | Reached XP level 9. HP: 43/69 MP: 9/9
  6287 | D:6      | Killed Maggie
  6288 | D:6      | Reached skill level 3 in Shields
  6381 | D:6      | Found a stormy altar of Qazlal.
  6889 | D:7      | Reached skill level 5 in Dodging
  6889 | D:7      | Reached skill level 5 in Evocations
  6890 | D:7      | Reached skill level 5 in Axes
  7035 | D:7      | Found Odeov's Magic Scroll Shoppe.
  7043 | D:7      | Bought a scroll of identify for 28 gold pieces
  7043 | D:7      | Bought a scroll of teleportation for 42 gold pieces
  7043 | D:7      | Bought a scroll of enchant weapon for 105 gold pieces
  7114 | D:7      | Noticed Menkaure
  7121 | D:7      | Killed Menkaure
  7569 | D:7      | Found a runed translucent door.
  7570 | D:7      | Noticed Crazy Yiuf
  7576 | D:7      | Killed Crazy Yiuf
  7689 | D:7      | Found a shimmering altar of Xom.
  7833 | D:8      | Found a flagged portal.
  7854 | Bailey   | Entered a bailey
  8222 | Bailey   | Noticed an orc knight
  8222 | Bailey   | Noticed an orc knight
  8222 | Bailey   | Noticed an orc knight
  8225 | Bailey   | Identified the +1 crystal plate armour "Memas" {*Slow Will+
                  | Str+2 Dex+4}
  8321 | Bailey   | Gained mutation: You have razor-sharp toenails. [demonic
                  | ancestry]
  8321 | Bailey   | Reached XP level 10. HP: 77/77 MP: 10/10
  8388 | Bailey   | Killed an orc knight
  8389 | Bailey   | Reached skill level 5 in Armour
  8389 | Bailey   | Reached skill level 4 in Shields
  8406 | Bailey   | Killed an orc knight
  8407 | Bailey   | Killed an orc knight
  8408 | Bailey   | Reached skill level 5 in Throwing
  8661 | D:8      | Found an ancient bone altar of Kikubaaqudgha.
  8926 | D:8      | Found a sparkling altar of Nemelex Xobeh.
  9150 | D:8      | Found a shimmering blue altar of Sif Muna.
  9230 | D:9      | Noticed a two-headed ogre
  9306 | D:9      | Killed a two-headed ogre
  9377 | D:9      | Reached skill level 5 in Shields
  9384 | D:9      | Noticed Psyche
  9395 | D:9      | Killed Psyche
  9396 | D:9      | Gained mutation: You are completely covered in yellow
                  | scales. (AC +4, rCorr) [demonic ancestry]
  9396 | D:9      | Reached XP level 11. HP: 78/84 MP: 11/11
  9413 | D:9      | Found a staircase to the Lair.
  9496 | D:9      | You fall into a shaft and drop 2 floors!
  9530 | D:11     | Noticed a two-headed ogre
  9542 | D:11     | Killed a two-headed ogre
  9543 | D:11     | Reached skill level 6 in Shields
  9619 | D:11     | Noticed Grum
  9628 | D:11     | Killed Grum
  9697 | D:11     | Noticed a purple ugly thing
  9712 | D:11     | Killed a purple ugly thing
  9765 | D:11     | Noticed a two-headed ogre
  9771 | D:11     | Killed a two-headed ogre
  9854 | D:10     | Entered Level 10 of the Dungeon
  9944 | D:10     | Noticed Josephine
  9952 | D:10     | Killed Josephine
 10231 | D:10     | Found a bloodstained altar of Trog.
 10294 | D:9      | Found the +3 Elemental Staff {rElec rF++ rC++ Will++ AC+5}
 10302 | D:9      | Identified the +2 robe "Loruin" {SInv}
 10392 | D:9      | Gained mutation: A weak demonic guardian rushes to your
                  | aid. [demonic ancestry]
 10392 | D:9      | Reached XP level 12. HP: 92/92 MP: 12/12
 10549 | D:9      | Found a staircase to the Orcish Mines.
 10573 | D:9      | Reached skill level 7 in Shields
 11593 | Lair:1   | Entered Level 1 of the Lair of Beasts
 11617 | Lair:1   | Reached skill level 1 in Staves
 12878 | D:7      | Bought a scroll of acquirement for 728 gold pieces
 12878 | D:7      | Bought a scroll of acquirement for 728 gold pieces
 12878 | D:7      | Acquired 664 gold pieces
 12879 | D:7      | Acquired a manual of Stealth
 12880 | D:7      | Acquired the ring "Igodwon" {rN+ Will+ Int+6 Slay+5 Stlth-}
 12881 | D:7      | Acquired 914 gold pieces
 13511 | Lair:2   | Reached skill level 8 in Shields
 13521 | Lair:2   | Noticed a six-headed hydra
 13527 | Lair:2   | Noticed a four-headed hydra
 13946 | Lair:2   | Killed a six-headed hydra
 13952 | Lair:2   | Killed a four-headed hydra
 14114 | Lair:2   | Reached skill level 5 in Stealth
 14320 | Lair:2   | Found a staircase to the Shoals.
 14345 | Lair:2   | Found a staircase to the Snake Pit.
 14722 | Lair:3   | Noticed a death yak
 14727 | Lair:3   | Noticed a death yak
 14727 | Lair:3   | Noticed a death yak
 14728 | Lair:3   | Noticed a five-headed hydra
 14731 | Lair:3   | Noticed a death yak
 15057 | Lair:3   | Noticed a death yak
 15063 | Lair:2   | Killed a death yak
 15064 | Lair:2   | Gained mutation: You have claws for feet. [demonic
                  | ancestry]
 15064 | Lair:2   | Reached XP level 13. HP: 92/101 MP: 13/13
 15199 | Shoals:1 | Entered Level 1 of the Shoals
 15236 | Lair:2   | Reached skill level 9 in Shields
 17589 | Lair:4   | Gained mutation: A demonic guardian rushes to your aid.
                  | [demonic ancestry]
 17589 | Lair:4   | Reached XP level 14. HP: 102/109 MP: 14/14
 18311 | Lair:5   | Reached skill level 10 in Shields
 18992 | Lair:6   | Entered Level 6 of the Lair of Beasts
 19000 | Lair:6   | Noticed Sonja
 19037 | Lair:6   | Found a staircase to the Slime Pits.
 19037 | Lair:6   | Found a viscous altar of Jiyva.
 19388 | Lair:6   | Reached skill level 10 in Fighting
 19401 | Lair:6   | Reached skill level 10 in Axes
 19824 | Lair:6   | Killed Sonja
 20966 | Lair:6   | Reached skill level 11 in Shields
 21402 | Lair:6   | Reached skill level 10 in Evocations
 21789 | Orc:1    | Entered Level 1 of the Orcish Mines
 21789 | Orc:1    | Found Ishecleveu's General Store.
 21792 | Orc:1    | Noticed an orc warlord
 21806 | Orc:1    | Killed an orc warlord
 21807 | Orc:1    | Gained mutation: A powerful demonic guardian rushes to your
                  | aid. [demonic ancestry]
 21807 | Orc:1    | Reached XP level 15. HP: 101/117 MP: 15/15
 21829 | Orc:1    | Noticed an orc warlord
 21845 | Orc:1    | Killed an orc warlord
 22160 | Orc:2    | Entered Level 2 of the Orcish Mines
 22900 | Orc:2    | Found a staircase to the Elven Halls.
 22993 | Orc:2    | Found Huhiraym's Book Boutique.
 22993 | Orc:2    | Found Zoit's Magic Scroll Shop.
 22994 | Orc:2    | Found Ykhlocul's General Store.
 22998 | Orc:2    | Found Caku's Assorted Antiques.
 23002 | Orc:2    | Bought a shimmering pewter ring for 105 gold pieces
 23002 | Orc:2    | Identified the ring "Ifopre" {Dex+3 Slay+4} (You bought it
                  | in a shop on level 2 of the Orcish Mines)
 23006 | Orc:2    | Bought a scroll of identify for 32 gold pieces
 23008 | Orc:2    | Bought a scroll of identify for 32 gold pieces
 23008 | Orc:2    | Bought a scroll of identify for 32 gold pieces
 23370 | Orc:2    | Bought a +2 cloak of willpower for 344 gold pieces
 23385 | Orc:2    | Bought a scroll of summoning for 123 gold pieces
 23414 | Orc:2    | Bought 3 scrolls of enchant weapon for 360 gold pieces
 23587 | D:11     | Found Yxkulurr's Antique Weapon Shoppe.
 23599 | D:11     | Bought a runed broad axe for 182 gold pieces
 23610 | D:11     | Found an iron altar of Okawaru.
 23762 | D:11     | Found a portal to a secret trove of treasure.
 24084 | D:12     | Noticed Kirke
 24106 | D:12     | Killed Kirke
 24191 | D:12     | Noticed Fannar
 24209 | D:12     | Killed Fannar
 24621 | D:13     | Noticed Jorgrun
 24622 | D:13     | Found a gate to the Vaults.
 24623 | D:13     | Noticed Rupert
 24637 | D:13     | Killed Rupert
 24641 | D:13     | Killed Jorgrun
 25631 | D:14     | Reached skill level 12 in Shields
 25660 | D:14     | Reached skill level 10 in Dodging
 26368 | D:14     | Acquired the amulet "Bogakatan" {Spirit rPois rN++ Dex-2}
 26725 | D:15     | Entered Level 15 of the Dungeon
 26744 | D:15     | Gained mutation: You punish those that try to bend your
                  | will. (Will+) [demonic ancestry]
 26744 | D:15     | Reached XP level 16. HP: 117/125 MP: 14/16
 26801 | D:15     | Noticed a sphinx
 26802 | D:15     | a sphinx changed into a dire elephant
 26824 | D:15     | Reached skill level 10 in Armour
 26877 | D:15     | Found a staircase to the Depths.
 27139 | D:15     | Identified the ring of Osomiz {rC+ Stlth+}
 27804 | Elf:1    | Entered Level 1 of the Elven Halls
 28650 | Elf:1    | Identified the +9 whip of the Eel {vorpal, Dex+3 SInv}
 28688 | Elf:1    | Got Uczel's Tome of Evil Rites
 28860 | Elf:1    | Found a transporter.
 28861 | Elf:1    | Noticed Spaninq's ghost (journeyman TrCK)
 28983 | Elf:1    | Found a transporter.
 29123 | Elf:1    | Found a gateway to a bazaar.
 29150 | Elf:1    | Noticed a sphinx
 29153 | Elf:1    | a sphinx changed into an iron dragon
 29154 | Elf:1    | Noticed an acid blob
 29154 | Elf:1    | an iron dragon changed into an acid blob
 29170 | Elf:1    | Noticed a shard shrike
 29172 | Elf:1    | Noticed a titan
 29172 | Elf:1    | a shard shrike changed into a titan
 29174 | Elf:1    | Noticed a juggernaut
 29174 | Elf:1    | a titan changed into a juggernaut
 29200 | Bazaar   | Entered a bazaar
 29200 | Bazaar   | Found Syumm's Book Shop.
 29200 | Bazaar   | Found Nooritusm's Armour Boutique.
 29200 | Bazaar   | Found Seecexze's Assorted Antiques.
 29200 | Bazaar   | Found Buodoacw's Antique Weapon Shop.
 29214 | Bazaar   | Bought a glowing hat for 168 gold pieces
 29239 | Bazaar   | Bought a potion of heal wounds for 120 gold pieces
 29239 | Bazaar   | Bought a scroll of magic mapping for 84 gold pieces
 29239 | Bazaar   | Bought a scroll of magic mapping for 84 gold pieces
 29371 | Elf:1    | Noticed a quicksilver dragon
 29525 | Orc:2    | Bought a manual of Fire Magic for 1040 gold pieces
 29550 | Orc:2    | Bought an Everburning Encyclopedia for 286 gold pieces
 29555 | Orc:2    | Learned a level 4 spell: Sticky Flame
 29559 | Orc:2    | Learned a level 3 spell: Conjure Flame
 29648 | Elf:1    | Noticed a shadow dragon
 29815 | Elf:1    | Reached skill level 1 in Fire Magic
 30110 | Elf:1    | Killed Spaninq's ghost
 30111 | Elf:1    | Reached skill level 1 in Conjurations
 30112 | Elf:1    | Identified the +0 hat of Defiance {Int+5 Dex-5}
 30224 | Elf:2    | Reached skill level 1 in Spellcasting
 30240 | Elf:2    | Identified the +1 gold dragon scales of the Sun {rElec
                  | rPois rF+ rC+ Will- Regen+ Stlth+}
 30319 | Elf:2    | Paralysed by an air elemental for 1 turns
 30457 | Elf:2    | Reached skill level 13 in Shields
 30676 | Elf:2    | Found a runed translucent gate.
 30677 | Elf:2    | Found a runed translucent gate.
 30677 | Elf:2    | Found a runed translucent gate.
 30697 | Elf:2    | Reached XP level 17. HP: 105/133 MP: 18/20
 31274 | Elf:3    | Entered Level 3 of the Elven Halls
 31337 | Elf:3    | Noticed a Brimstone Fiend
 31341 | Elf:3    | Noticed a deep elf blademaster
 31518 | Elf:3    | Killed a deep elf blademaster
 31795 | Elf:3    | Reached skill level 5 in Staves
 31803 | Elf:3    | Reached skill level 5 in Fire Magic
 31805 | Elf:3    | Identified the +6 morningstar of the Common Good {flame,
                  | rF+}
 31805 | Elf:3    | Identified the ring of Understanding {*Slow rPois rN+ Str+4
                  | SInv}
 31820 | Elf:3    | Noticed Louise
 31891 | Elf:2    | Killed Louise
 31946 | Elf:3    | Noticed a Hell Sentinel
 31950 | Elf:3    | Noticed a Hell Sentinel
 32122 | Elf:3    | Identified the ring of Peace {rPois rCorr}
 32125 | Elf:3    | Identified the +5 mace "Zukhlari" {vamp, Int+4}
 32126 | Elf:3    | Identified the +2 long sword "Puifin" {venom, Fly rC+
                  | Int+2}
 32130 | Elf:3    | Identified the +3 dagger of Calamity {flame, rCorr Int-5
                  | Dex+8 SInv}
 32300 | Elf:3    | Found Vuceamm's One-of-a-Kind Books.
 32308 | Elf:3    | Bought Sif Muna's Handbook of the Volcanoes for 798 gold
                  | pieces
 32310 | Elf:3    | Learned a level 1 spell: Foxfire
 32316 | Elf:3    | Learned a level 5 spell: Fireball
 32568 | Snake:1  | Entered Level 1 of the Snake Pit
 32784 | Snake:1  | Reached XP level 18. HP: 140/140 MP: 20/23
 33418 | Snake:2  | Reached skill level 5 in Conjurations
 33453 | Snake:2  | Found Puuhed's Practical Paraphernalia.
 33620 | Snake:2  | Bought +0 pearl dragon scales for 1800 gold pieces
 33785 | D:7      | Bought a scroll of enchant armour for 105 gold pieces
 34710 | Snake:3  | Reached skill level 14 in Shields
 35128 | Snake:3  | Reached skill level 5 in Spellcasting
 35706 | Snake:4  | Entered Level 4 of the Snake Pit
 35706 | Snake:4  | Found Plog's Jewellery Shoppe.
 35972 | Snake:4  | Noticed Vashnia
 36163 | Snake:3  | Killed Vashnia
 36546 | Snake:4  | Reached XP level 19. HP: 73/148 MP: 24/27
 36939 | Snake:4  | Noticed Aizul
 36959 | Snake:4  | Killed Aizul
 37452 | Snake:4  | Found Seher's Magic Scroll Boutique.
 37464 | Snake:4  | Bought a scroll of enchant armour for 105 gold pieces
 37464 | Snake:4  | Bought a scroll of enchant weapon for 105 gold pieces
 37464 | Snake:4  | Bought a scroll of enchant armour for 105 gold pieces
 37464 | Snake:4  | Bought a scroll of acquirement for 728 gold pieces
 37464 | Snake:4  | Acquired a manual of Axes
 37473 | Snake:4  | Found Pyematia's Book Boutique.
 37501 | Snake:4  | Found Asopulal's Jewellery Shoppe.
 37964 | Snake:4  | Got a serpentine rune of Zot
 38994 | Shoals:1 | Found a shimmering altar of Xom.
 40269 | Shoals:2 | Found Luaquki's Distillery.
 40281 | Shoals:2 | Bought a potion of heal wounds for 80 gold pieces
 40281 | Shoals:2 | Bought a potion of heal wounds for 80 gold pieces
 40281 | Shoals:2 | Bought a potion of invisibility for 128 gold pieces
 40281 | Shoals:2 | Bought a potion of invisibility for 128 gold pieces
 40281 | Shoals:2 | Bought a potion of heal wounds for 80 gold pieces
 41029 | Shoals:3 | Noticed Ilsuiw
 41872 | Shoals:3 | Killed Ilsuiw
 43169 | Shoals:3 | Identified the +8 falchion "Ucheziha" {vamp, rC+ Stlth+}
 43637 | Shoals:4 | Entered Level 4 of the Shoals
 44526 | Shoals:4 | HP: 7/150 [merfolk javelineer/silver javelin (20)]
 44526 | Shoals:4 | Hit by a silver javelin thrown by a merfolk javelineer

Illustrated notes

Levels and vault maps discovered:
D:1:      enne_arrival_octagon_isle, layout_loops_ring,
          hellmonk_ecumenical_altar_run_dry, hangedman_feature_mirror,
          minmay_pentomino_w2
D:2:      layout_basic, basic_altar
D:3:      layout_basic, kennysheep_ying_yang, grunt_ministairs_13
D:4:      layout_basic, minmay_temple_entry_glass, uniq_robin, uniq_ijyb
D:5:      layout_gridville
D:6:      hangedman_cross_stitches, layout_rooms,
          nicolae_qazlal_general_emergency, uniq_prince_ribbit1, uniq_maggie
D:7:      layout_loops_ring, lemuel_doored_altar, serial_shops,
          nicolae_shop_crystal, uniq_menkaure, uniq_crazy_yiuf_cottage
D:8:      layout_basic, kennysheep_mini, kennysheep_mini_moat, led_sif_pool,
          kiku_gazebo_pond_becter, enter_bailey_5
D:9:      layout_roguey, minmay_lair_entry_grove, orc_0_dummy,
          nicolae_straight_to_the_point, uniq_psyche
D:10:     layout_basic, trog_hazing_becter, uniq_josephine
D:11:     wad_cavern_with_rooms, layout_cave_pools,
          nicolae_trove_entry_path_of_doom, serial_shops,
          nicolae_shop_competitors_out_of_business, abandoned_shop,
          kennysheep_okawaru_gauntlet, uniq_grum
D:12:     layout_loops_ring, uniq_fannar, uniq_kirke
D:13:     layout_roguey, david_vaults_3, grunt_ogre_cave, uniq_jorgrun
D:14:     layout_rooms, serial_park_avenue1
D:15:     hangedman_depths_entry_try_elsewhere_first, layout_basic,
          minmay_misc_feat_more_columns
Temple:   cyrus_circular_temple
Lair:1:   layout_chaotic_city, serial_bayou_ford_a, worms_lemuel,
          minmay_lair_oklob_chamber, serial_bayou_shore_b
Lair:2:   layout_long_grid, shoals_dummy_entry,
          minmay_snake_entry_guardpost_small
Lair:3:   layout_hall_layers, fungi_pond_lemuel, beast_lair_carwin_3
Lair:4:   nzn_winding_woodlands_huge [nzn_winding_woodlands_5x15_concentric,
          nzn_winding_woodlands_5x15_twine, nzn_winding_woodlands_5x15_sawtooth,
          nzn_winding_woodlands_5x15_split_checker,
          nzn_winding_woodlands_5x15_pockets, nzn_winding_woodlands_5x15_garden,
          nzn_winding_woodlands_5x15_crooked, nzn_winding_woodlands_5x15_zeroes,
          nzn_winding_woodlands_5x15_cabin,
          nzn_winding_woodlands_5x15_river_crossing,
          nzn_winding_woodlands_center_pierced_h,
          nzn_winding_woodlands_center_lodge,
          nzn_winding_woodlands_15x15_thick_spiral], layout_regular_city,
          fungi_pond_lemuel, chequers_serial_rivers_large_b
Lair:5:   layout_long_grid
Lair:6:   hangedman_lair_in_review, layout_gridlike, slime_altar_1,
          bobbens_dragon_lair_wall, uniq_sonja
Shoals:1: layout_shoals, lemuel_oklob_altar
Shoals:2: layout_shoals, serial_shops, nicolae_stop_n_shop_1,
          nicolae_shoals_isolated_beach
Shoals:3: layout_shoals, uniq_ilsuiw
Shoals:4: shoals_end_simple, layout_shoals
Snake:1:  layout_misc_corridors
Snake:2:  onia_ninara_swampy_vault, layout_misc_corridors, grunt_ministairs_14,
          nicolae_alphabet_shops, nicolae_snake_salamander_stairs
Snake:3:  layout_concentric_octagons, nicolae_snake_yet_another_twisty_hallway,
          grunt_ministairs_8
Snake:4:  grunt_snake_rune_pools, layout_cave_town, serial_shops, shop, shop,
          nicolae_diamond_shop, shop, uniq_aizul, uniq_vashnia
Orc:1:    layout_caves, basic_altar, serial_shops, shop
Orc:2:    st_orc_mages, layout_caves
Elf:1:    eino_elf_arrival_the_gate, layout_loops_ring, serial_shops,
          bzr_entry_road, gammafunk_ghost_berserking_beasts,
          minmay_elf_necromancy, abandoned_shop, grunt_megastairs_5
Elf:2:    nicolae_elf_blades_crystal_corner, layout_rooms, drop_trap,
          lemuel_elevator
Elf:3:    minmay_elf_hall_quartered_circle, layout_loops_ring,
          nicolae_rare_books, uniq_louise

Skill      XL: |  1  2  3  4  5  6  7  8  9 10 11 12 13 14 15 16 17 18 19 |
---------------+----------------------------------------------------------+-----
Axes           | 2 3 4 5 6 7 8 9 10 11 12 13 | 13.3
Dodging        | 2 3 4 5 6 7 8 9 10 11 12 | 12.2
Armour         | 1 2 3 4 5 6 7 8 9 10 11 12 | 12.0
Evocations     | 1 2 3 4 5 6 7 8 9 10 11 12 | 12.3
Throwing       | 1 2 3 4 5 6 |  6.2
Fighting       | 4 5 6 7 8 9 10 11 12 13 | 13.4
Shields        | 1 2 3 5 6 8 9 11 12 13 14 | 14.5
Staves         | 3 4 5 6 7 |  7.8
Stealth        | 5 |  5.1
Fire Magic     | 3 5 8 9 |  9.7
Conjurations   | 2 4 6 7 |  7.4
Spellcasting   | 2 3 5 6 |  6.7

Action                   |  1- 3 |  4- 6 |  7- 9 | 10-12 | 13-15 | 16-18 | 19-21 || total
-------------------------+-------+-------+-------+-------+-------+-------+-------++-------
Melee: Broad axe         |    25 |   221 |     3 |       |   193 |   672 |   377 ||  1491
       Kick              |     4 |    20 |       |       |   364 |   434 |   162 ||   984
       Hand axe          |       |       |   157 |   281 |   423 |       |       ||   861
       Staff             |       |       |       |   212 |   162 |   334 |    34 ||   742
Throw: Boomerang         |       |     5 |   100 |    57 |       |     7 |       ||   169
       Dart              |       |       |    18 |    31 |       |       |       ||    49
 Cast: Foxfire           |       |       |       |       |       |     2 |       ||     2
Invok: Call Merchant     |       |       |       |       |     6 |       |       ||     6
Evoke: Wand              |       |       |     6 |     3 |     6 |     1 |       ||    16
       Condenser vane    |       |       |       |       |       |       |     1 ||     1
  Use: Scroll            |     1 |     1 |     9 |     9 |    14 |    14 |    19 ||    67
       Potion            |     1 |       |       |       |     2 |       |     8 ||    11
 Stab: Sleeping          |       |    18 |     2 |       |       |       |       ||    20
       Paralysed         |       |       |     7 |       |     1 |       |       ||     8
       Distracted        |       |       |     1 |     4 |     9 |    12 |    10 ||    36
       Petrified         |       |       |       |       |     5 |       |       ||     5
       Confused          |       |       |       |       |       |     1 |       ||     1
Armor: Ring mail         |     8 |   132 |    33 |       |       |       |       ||   173
       Swamp dragon scal |       |       |    31 |       |       |       |       ||    31
       Crystal plate arm |       |       |       |   172 |   326 |    94 |       ||   592
       Gold dragon scale |       |       |       |       |       |   130 |       ||   130
       Pearl dragon scal |       |       |       |       |       |   103 |   227 ||   330
Dodge: Dodged            |    26 |   165 |    71 |    26 |    48 |   100 |   175 ||   611
Block: Other             |       |     5 |     2 |       |       |       |       ||     7
       Kite shield       |       |       |   113 |   762 |  1094 |  1519 |   903 ||  4391
       Reflection        |       |       |     1 |    20 |    52 |   101 |    66 ||   240

Table legend: (Time is in decaauts)
 A = Elapsed time spent in this place.
 B = Non-inter-level travel time spent in this place.
 C = Inter-level travel time spent in this place.
 D = Time resting spent in this place.
 E = Time spent auto-exploring this place.
 F = Levels seen in this place.
 G = Mean time per level.
                   A        B        C        D        E       F      G
               +--------+--------+--------+--------+--------+-----+--------+
         Total |  45059 |  41664 |   3395 |   5511 |  28217 |  37 | 1217.8 |
       Dungeon |  15669 |  14500 |   1169 |    461 |  11395 |  15 | 1044.6 |
        Temple |    147 |    132 |     15 |      0 |    124 |   1 |  147.0 |
          Lair |  10807 |   9979 |    828 |    900 |   7621 |   6 | 1801.2 |
        Shoals |   5643 |   5508 |    135 |   2707 |   2090 |   4 | 1410.8 |
     Snake Pit |   5578 |   5150 |    428 |    498 |   3467 |   4 | 1394.5 |
  Orcish Mines |   2491 |   2146 |    345 |    854 |    876 |   2 | 1245.5 |
   Elven Halls |   3953 |   3481 |    472 |     90 |   2335 |   3 | 1317.7 |
        Bazaar |     48 |     48 |      0 |      0 |     19 |   1 |   48.0 |
        Bailey |    719 |    719 |      0 |      0 |    288 |   1 |  719.0 |
               +--------+--------+--------+--------+--------+-----+--------+

Top non-repeatable levels by time:
Shoals:2: 2803 daAuts
  Lair:2: 2613 daAuts
  Lair:4: 2281 daAuts
  Lair:6: 2106 daAuts
   Orc:2: 1985 daAuts
 Snake:4: 1802 daAuts
   Elf:1: 1797 daAuts
 Snake:3: 1767 daAuts
  Lair:1: 1640 daAuts
    D:13: 1595 daAuts
     D:4: 1553 daAuts
Shoals:3: 1493 daAuts
     D:3: 1349 daAuts
 Snake:2: 1290 daAuts
  Lair:5: 1272 daAuts
